 Dungeon Crawl Stone Soup version 0.22-b1-26-g9dbaab1112 (webtiles) character file.

9363 Pisosu the Cleaver (level 11, -27/97 HPs)
             Began as a Minotaur Fighter on Aug 8, 2018.
             Was an Initiate of Trog.
             Annihilated by an ettin
             ... wielding a +0 dire flail
              (43 damage)
             ... on level 9 of the Dungeon.
             The game lasted 00:35:18 (10665 turns).

Pisosu the Cleaver (Minotaur Fighter)              Turns: 10665, Time: 00:35:20

Health: -27/97     AC: 16    Str: 24    XL:     11   Next: 22%
Magic:  10/10      EV:  8    Int:  5    God:    Trog [......]
Gold:   771        SH: 12    Dex: 10    Spells: 10/10 levels left

rFire    + . .     SeeInvis .   a - +0 war axe
rCold    . . .     Gourm    +   c - +0 shield
rNeg     . . .     Faith    .   N - +0 plate armour {rF+}
rPois    .         Spirit   .   (helmet restricted)
rElec    .         Reflect  .   (no cloak)
rCorr    .         Harm     .   (no gloves)
MR       .....                  O - +0 pair of boots
Stlth    ..........             l - amulet of the gourmand
HPRegen  0.26/turn              C - +2 ring of evasion
MPRegen  0.12/turn              (no ring)

@: no status effects
A: retaliatory headbutt, horns 2
a: Renounce Religion


You were on level 9 of the Dungeon.
You worshipped Trog.
Trog was noncommittal.
You were completely stuffed.

You visited 3 branches of the dungeon, and saw 11 of its levels.

You collected 771 gold pieces.

Inventory:

Hand Weapons
 a - a +0 war axe (weapon)
Missiles
 k - 3 needles of sleeping
 p - 19 poisoned needles
 w - 6 tomahawks (quivered)
 M - a throwing net
Armour
 c - a +0 shield (worn)
 x - the cursed -6 hat of Cisibu Iziu {rElec Str+2 Slay+2, unknown}
   (You found it on level 4 of the Dungeon)

   It affects your strength (+2).
   It affects your accuracy and damage with ranged weapons and melee attacks
   (+2).
   It insulates you from electricity.
   It has a curse placed upon it.
 G - a +0 leather armour of fire resistance
 H - the +5 robe of the Special Gods {rF+++ Int-4 Dex+2 SInv Stlth-}
   (You found it on level 9 of the Dungeon)

   It affects your intelligence (-4).
   It affects your dexterity (+2).
   It renders you almost immune to fire.
   It lets you see invisible.
   It makes you less stealthy.
 N - a +0 plate armour of fire resistance (worn)
 O - a +0 pair of boots (worn)
 Q - a +2 ring mail of cold resistance
Jewellery
 l - an amulet of the gourmand (around neck)
 C - a +2 ring of evasion (left hand)
 K - an uncursed amulet of rage {unknown}
Wands
 b - a wand of disintegration (14)
 A - a wand of clouds (6)
 E - a wand of paralysis (21)
 L - a wand of iceblast (5)
 P - a wand of enslavement (14)
 S - a wand of acid (4)
Scrolls
 e - 3 scrolls of magic mapping
 i - 3 scrolls of remove curse
 m - 2 scrolls of enchant armour
 t - a scroll of fog
 y - 3 scrolls of teleportation
 z - 2 scrolls of amnesia {unknown}
 B - 2 scrolls of immolation
 J - a scroll of summoning {unknown}
 R - a scroll of identify
Potions
 d - 3 potions of might
 g - 3 potions of mutation {unknown}
 h - 3 potions of brilliance
 j - 4 potions of flight
 n - 2 potions of heal wounds
 o - a potion of berserk rage
 q - 3 potions of magic
 r - 5 potions of curing
 s - 3 potions of haste {unknown}
 u - 4 potions of ambrosia {unknown}
 v - a potion of lignification {unknown}
 D - a potion of agility {unknown}
 F - a potion of cancellation {unknown}
 I - a potion of resistance {unknown}
Comestibles
 f - 15 rations
 T - 4 chunks of flesh


   Skills:
 + Level 9.6 Fighting
 + Level 13.4 Axes
 + Level 10.3 Armour
 + Level 9.9 Shields


You had 10 spell levels left.
You didn't know any spells.
Your spell library contained the following spells:

 Spells                   Type           Power        Failure   Level  Hunger
 Apportation              Tloc           #.....       100%        1    ##.....
 Summon Small Mammal      Summ           #...         100%        1    ##.....
 Animate Skeleton         Necr           N/A          100%        1    ##.....
 Confusing Touch          Hex            #.....       100%        1    ##.....


Dungeon Overview and Level Annotations

Branches:
Dungeon (9/15)             Temple (1/1) D:7            Lair (0/6) D:9
    Orc (1/2) D:9

Altars:
Ashenzari
Cheibriados
Dithmenos
Elyvilon
Fedhas
Gozag
Hepliaklqana
Kikubaaqudgha
Makhleb
Nemelex Xobeh
Okawaru
Qazlal
Ru
Sif Muna
Trog
Uskayaw
Vehumet
Wu Jian
Xom
Yredelemnul
Zin
The Shining One
Beogh


Innate Abilities, Weirdness & Mutations

You reflexively headbutt those who attack you in melee.
You have a pair of horns on your head.


Message History

The orc closely misses you.
You hit the ettin.
You headbutt the ettin, but do no damage.
The ettin is lightly wounded.
Your shield and plate armour prevent you from hitting the orc.
You hit the orc warrior. The orc warrior closely misses you.
The ettin hits you with a dire flail!!
* * * LOW HITPOINT WARNING * * *
The ettin hits you with a dire flail of holy wrath!
* * * LOW HITPOINT WARNING * * *
The orc hits you but does no damage.
Okay, then.
Okay, then.
You feel much better.
The orc warrior hits you with a long sword.
* * * LOW HITPOINT WARNING * * *
The ettin hits you with a dire flail!
* * * LOW HITPOINT WARNING * * *
The ettin hits you with a dire flail of holy wrath!!!
You die...

....######.#.## ....# ##.###.##
.)..# ##.#.###.## ....#
#.#.<.###.# ....# ##.#.###.##
....# ##.###.## .#.## ##.#.##
.#.## ############### ....#
#.....o@o.....#
.>..######.....[C[.....#
##.......#...⌠.._..⌠...#
#..######.............######
##..# #......8......#....#####
§..§### ###8)8#####8'8##........#
......# #..[[)...........##.##..#
≈≈≈§..######[#######.###.##.....#
§≈≈≈≈..# ###[# #.....##.#...#


You could see an ettin, an orc warrior and an orc.

Vanquished Creatures
  Harold (D:9)
  Erolcha (D:9)
  A two-headed ogre (D:9)
  A troll (D:9)
  A wyvern (D:9)
  2 yaks (D:7)
  2 hogs (D:7)
  A human (D:7)
  Grum (D:9)
  4 fire bats (D:9)
  A hungry ghost (D:7)
  A water moccasin (D:6)
  3 hell hounds (D:9)
  8 orc warriors
  5 ice beasts
  2 phantoms
  A black bear (D:6)
  5 centaurs
  4 ogres
  2 sky beasts
  A necrophage (D:5)
  4 wolves (D:9)
  A big kobold (D:7)
  3 bullfrogs
  A scorpion (D:8)
  3 killer bees (D:7)
  4 howler monkeys
  2 crimson imps
  A centaur zombie (D:9)
  6 hounds
  7 orc priests
  4 jellies
  8 orc wizards
  2 bullfrog skeletons
  An iguana (D:8)
  A gnoll shaman (D:5)
  11 worker ants
  A worker ant zombie (D:9)
  10 adders
  8 gnolls
  7 river rats (D:7)
  A shadow imp (D:5)
  2 worms
  An adder skeleton (D:7)
  An adder zombie (D:5)
  3 dart slugs
  4 leopard geckos
  45 orcs
  2 ball pythons
  7 giant cockroaches
  7 goblins
  7 hobgoblins
  7 jackals
  6 quokkas
  6 bats
  4 frilled lizards
  9 kobolds
  19 rats
  2 plants
266 creatures vanquished.

Vanquished Creatures (others)
  A fire vortex (D:9)
1 creature vanquished.

Grand Total: 267 creatures vanquished

Notes
Turn   | Place    | Note
-------+----------+-------------------------------------------
     0 | D:1      | Pisosu the Minotaur Fighter began the quest for the Orb.
     0 | D:1      | Reached XP level 1. HP: 19/19 MP: 0/0
   196 | D:1      | Reached XP level 2. HP: 12/27 MP: 1/1
   664 | D:1      | Reached XP level 3. HP: 32/33 MP: 2/2
   973 | D:2      | Reached skill level 3 in Axes
  1297 | D:2      | Reached XP level 4. HP: 38/40 MP: 3/3
  1680 | D:3      | Reached XP level 5. HP: 40/47 MP: 4/4
  1683 | D:3      | Reached skill level 4 in Axes
  1692 | D:3      | Reached skill level 5 in Shields
  1979 | D:3      | Found an ornate altar of the Wu Jian Council.
  2188 | D:3      | Reached skill level 5 in Armour
  2597 | D:4      | Reached XP level 6. HP: 45/53 MP: 5/5
  2841 | D:3      | Reached skill level 5 in Axes
  3162 | D:4      | Got a faintly humming hat
  3288 | D:5      | Entered Level 5 of the Dungeon
  3306 | D:5      | Noticed an ice beast
  3315 | D:5      | Killed an ice beast
  3315 | D:5      | Reached skill level 5 in Fighting
  3315 | D:5      | Reached XP level 7. HP: 39/61 MP: 6/6
  3376 | D:5      | Reached skill level 6 in Axes
  3546 | D:5      | Reached skill level 7 in Axes
  3873 | D:5      | Reached XP level 8. HP: 58/68 MP: 7/7
  4190 | D:5      | Reached skill level 8 in Axes
  5402 | D:6      | Reached skill level 9 in Axes
  5821 | D:6      | Reached XP level 9. HP: 66/77 MP: 8/8
  6077 | D:7      | Found a staircase to the Ecumenical Temple.
  6093 | Temple   | Entered the Ecumenical Temple
  6689 | D:7      | Reached skill level 10 in Axes
  7041 | D:7      | Found an iron altar of Okawaru.
  7153 | D:7      | Reached skill level 11 in Axes
  7411 | D:8      | Found a white marble altar of Elyvilon.
  7483 | D:8      | Became a worshipper of Elyvilon the Healer
  7593 | D:8      | Found an ancient bone altar of Kikubaaqudgha.
  7601 | D:8      | Found a radiant altar of Vehumet.
  7603 | D:8      | Found a shattered altar of Ashenzari.
  7603 | D:8      | Found a hazy altar of Hepliaklqana.
  7605 | D:8      | Found a sacrificial altar of Ru.
  7640 | D:8      | Reached XP level 10. HP: 78/87 MP: 9/9
  7758 | D:8      | Found an opulent altar of Gozag.
  7768 | D:8      | Reached * piety under Elyvilon
  8465 | D:9      | Found a hide-covered altar of Uskayaw.
  8467 | D:9      | Noticed a two-headed ogre
  8472 | D:9      | Got a bloodstained robe
  8488 | D:9      | Killed a two-headed ogre
  8488 | D:9      | Reached skill level 12 in Axes
  8510 | D:9      | Noticed Harold
  8526 | D:9      | Killed Harold
  8770 | D:9      | Found a staircase to the Lair.
  8781 | D:9      | Reached skill level 10 in Armour
  9095 | D:9      | Identified the +5 robe of the Special Gods {rF+++ Int-4 Dex+2 SInv Stlth-} (You found it on level 9 of the Dungeon)
  9261 | D:9      | Noticed Grum
  9272 | D:9      | Killed Grum
  9308 | D:9      | Reached XP level 11. HP: 33/96 MP: 10/10
  9566 | D:9      | Noticed Erolcha
  9570 | D:9      | Found a roughly hewn altar of Beogh.
  9570 | D:9      | Found a staircase to the Orcish Mines.
  9582 | D:9      | Killed Erolcha
  9582 | D:9      | Reached skill level 13 in Axes
 10043 | D:9      | Reached ** piety under Elyvilon
 10178 | D:9      | Found a bloodstained altar of Trog.
 10179 | D:9      | Found an iron altar of Okawaru.
 10477 | D:9      | Fell from the grace of Elyvilon
 10477 | D:9      | Became a worshipper of Trog the Wrathful
 10624 | Orc:1    | Entered Level 1 of the Orcish Mines
 10644 | Orc:1    | Noticed an ettin
 10664 | D:9      | HP: 4/96 [ettin/dire flail (17)]
 10665 | D:9      | Annihilated by an ettin

Skill      XL: |  1  2  3  4  5  6  7  8  9 10 11 |
---------------+----------------------------------+-----
Armour         | 4 5 6 7 8 10 | 10.3
Shields        | 4 5 6 7 8 9 |  9.9
Fighting       | 4 5 6 8 9 |  9.6
Axes           | 3 4 5 7 9 11 12 13 | 13.4

Action                   |  1- 3 |  4- 6 |  7- 9 | 10-12 || total
-------------------------+-------+-------+-------+-------++-------
Melee: War axe           |   111 |   129 |   321 |   253 ||   814
       Headbutt          |    21 |    18 |    66 |    59 ||   164
Throw: Tomahawk          |       |     4 |       |     2 ||     6
Invok: Lesser Healing    |       |       |       |     2 ||     2
  Use: Scroll            |       |     9 |     2 |     1 ||    12
       Potion            |       |       |       |     2 ||     2
  Eat: Chunk             |     8 |    12 |    17 |    10 ||    47
Armor: Scale mail        |    42 |    54 |    49 |       ||   145
       Plate armour      |       |       |    82 |    80 ||   162
       Robe              |       |       |       |     8 ||     8
Dodge: Dodged            |    25 |    49 |   101 |    77 ||   252
Block: Shield            |    44 |    72 |   172 |   141 ||   429
